 Dungeon Crawl Stone Soup version 0.18-a0-943-g2c08dd4 (webtiles) character file.

2419 M4edhros the Covert (level 9, 0/47 HPs)
             Began as an Octopode Artificer on Dec 28, 2015.
             Slain by a phantom (7 damage)
             ... on level 7 of the Dungeon on Dec 29, 2015.
             The game lasted 00:09:26 (3320 turns).

M4edhros the Covert (Octopode Artificer)            Turns: 3320, Time: 00:09:27

Health: 0/47       AC:  6    Str: 10    XL:     9   Next: 48%
Magic:  13/13      EV: 13    Int: 16    God:    Xom [..*...]
Gold:   174        SH:  3    Dex: 12    Spells: 1 memorised, 12 levels left

rFire  . . .     SeeInvis .     e - +2 dagger (protect)
rCold  . . .     Gourm    .     o - +0 buckler
rNeg   . . .     Faith    .     (helmet restricted)
rPois  .         Spirit   .     (no amulet)
rElec  .         Dismiss  .     (no ring)
rCorr  .         Reflect  .     (no ring)
SustAt .         Harm     .     (no ring)
MR     .....     Rnd*Tele +     (no ring)
Stlth  +++++.....               (no ring)
                                (no ring)
                                (no ring)
                                (no ring)

@: not resistant to hostile enchantments, quite stealthy
A: almost no armour, amphibious, 8 rings, constrict 8, tentacle spike 1,
camouflage 1, dopey 1, frail 1, teleportitis 1, gelatinous body 1
a: Renounce Religion


You were on level 7 of the Dungeon.
You worshipped Xom.
You were a toy of Xom.
You were not hungry.

You visited 1 branch of the dungeon, and saw 7 of its levels.

You collected 174 gold pieces.

Inventory:

Hand Weapons
 a - a +0 short sword
 e - a +2 dagger of protection (weapon)
 k - a +0 hunting sling
 r - the +1 war axe of Deflation {chop, rN+}
   (You found it on level 4 of the Dungeon)

   It inflicts extra damage upon your enemies.
   It protects you from negative energy.
 B - a +1 dagger of venom
Missiles
 n - 99 stones (quivered)
 C - 17 sling bullets
Armour
 o - a +0 buckler (worn)
Wands
 b - a wand of flame (3/48)
 c - a wand of enslavement (13/24)
 d - a wand of random effects (0/48)
 w - a wand of cold (9/15)
 z - a wand of confusion (30/48)
Scrolls
 g - a scroll of remove curse
 h - a scroll of enchant weapon {unknown}
 i - 2 scrolls of recharging
 j - 2 scrolls of noise {unknown}
 m - 2 scrolls of identify
 p - 2 scrolls of magic mapping {unknown}
 u - a scroll of enchant armour {unknown}
Potions
 l - 2 potions of brilliance
Books
 s - a book of Burglary

   Spells                             Type                      Level
   a - Swiftness                      Charms/Air                   2
   b - Passwall                       Transmutation/Earth          3
   c - Passage of Golubria            Translocation                4
   d - Lee's Rapid Deconstruction     Earth                        5
   e - Darkness                       Hexes                        6
   f - Invisibility                   Hexes                        6
 y - a book of the Warp

   Spells                             Type                      Level
   a - Recall                         Summoning/Translocation      3
   b - Gell's Gravitas                Hexes/Translocation          3
   c - Force Lance                    Conjuration/Translocation    4
   d - Phase Shift                    Translocation                5
   e - Warp Weapon                    Charms/Translocation         5
   f - Summon Forest                  Summoning/Translocation      5
Comestibles
 f - 5 bread rations
 q - a beef jerky
 t - 4 fruits


   Skills:
 - Level 1.0 Fighting
 - Level 1.0 Short Blades
 * Level 5.4 Slings
 * Level 5.6 Dodging
 - Level 8.4 Stealth
 + Level 0.0 Shields
 + Level 3.1 Spellcasting
 + Level 3.5 Charms
 + Level 3.5 Air Magic
 - Level 5.6 Evocations


You had 12 spell levels left.
You knew the following spells:

 Your Spells              Type           Power        Failure   Level  Hunger
a - Swiftness             Chrm/Air       ##......     14%         2    ##.....


Dungeon Overview and Level Annotations

Branches:
Dungeon (7/15)
 Temple: D:4-7

Altars:
Cheibriados
Gozag
Nemelex Xobeh
Pakellas
Sif Muna
Trog
Xom

Shops:
D:5 *

Annotations:
D:5 st0uf's ghost, novice FoFi


Innate Abilities, Weirdness & Mutations

You cannot wear most types of armour.
You are amphibious.
You can wear up to eight rings at the same time.
You can use your tentacles to constrict eight enemies at once.
Your skin changes colour to match your surroundings (Stealth).
Your rubbery body absorbs attacks (AC +1).
One of your tentacles bears a spike.
You are dopey. (Int -2)
You are frail (-10% HP).
You are occasionally teleported next to monsters.


Message History

The phantom hits you.
* * * LOW HITPOINT WARNING * * *
You hit the phantom.
You pierce the phantom, but do no damage.
Your squeeze misses the phantom.
The phantom is almost destroyed.
Your iron imp barely misses the crimson imp.
The crimson imp closely misses your iron imp.
The phantom hits you.
* * * LOW HITPOINT WARNING * * *
You hit the phantom but do no damage.
Your tentacle spike misses the phantom.
The phantom is almost destroyed.
The crimson imp blinks!
You barely miss the phantom.
You pierce the phantom, but do no damage.
Your squeeze misses the phantom.
The phantom is almost destroyed.
The phantom hits you!
You die... "I guess I need a new plaything now."

###...#.# #...# #..# J
.....##.# #...#######..# F
###.....###........ .... PP
###..##[.....# #..#
#.....[.<.##.# #..##
#.#..#...###.# #...#
#.#..##.####.##### #..# # #
#..##..........#####..######..#
#...#.####.##5@W5.§...#........
...............######....###..#
##..........###.# #..........
###.#.###### #.# #...>.)#... #
#># #.....#≈#.. ### ##....≈#≈##
PP ##.#≈..#≈# P ###)≈#...#≈ P
PP #..†.≈#...#


You could see a phantom, a crimson imp and a friendly iron imp.

Vanquished Creatures
  The ghost of Yawgmoth the Geomancer, a novice GrEE of Vehumet (D:7)
  Eustachio (D:6)
  A hippogriff (D:7)
  Menkaure (D:4)
  A warg (D:4)
  2 ice beasts (D:6)
  An orc warrior (D:6)
  A phantom (D:4)
  A centaur (D:6)
  2 ogres (D:6)
  A giant frog (D:6)
  2 scorpions
  4 hounds
  3 crimson imps (D:6)
  A giant frog skeleton (D:7)
  2 orc priests (D:6)
  4 orc wizards
  A jelly (D:6)
  2 worker ants
  3 gnolls (D:4)
  2 adders (D:4)
  A shadow imp (D:6)
  A worm (D:3)
  11 orcs
  2 giant cockroaches
  3 goblins
  4 hobgoblins
  7 jackals
  5 quokkas
  A bat (D:3)
  4 giant newts
  2 kobolds
  10 rats
88 creatures vanquished.

Vanquished Creatures (others)
  An ice beast (D:7)
  An orc (D:7)
2 creatures vanquished.

Grand Total: 90 creatures vanquished

Notes
Turn   | Place    | Note
--------------------------------------------------------------
     0 | D:1      | M4edhros the Octopode Artificer began the quest for the Orb.
     0 | D:1      | Reached XP level 1. HP: 13/13 MP: 3/3
    90 | D:1      | Reached XP level 2. HP: 15/18 MP: 4/4
   241 | D:3      | Reached XP level 3. HP: 16/23 MP: 5/5
   293 | D:4      | Noticed an ogre
   369 | D:4      | Got a dazzling war axe
   370 | D:4      | Identified the cursed +1 war axe of Deflation {chop, rN+} (You found it on level 4 of the Dungeon)
   411 | D:4      | Reached skill level 1 in Slings
   479 | D:4      | Learned a level 2 spell: Swiftness
   526 | D:4      | Reached XP level 4. HP: 25/28 MP: 6/6
   552 | D:4      | Noticed a phantom
   657 | D:4      | Noticed Menkaure
   666 | D:4      | Killed Menkaure
   666 | D:4      | Reached skill level 4 in Stealth
   666 | D:4      | Reached skill level 1 in Charms
   666 | D:4      | Reached skill level 1 in Air Magic
   666 | D:4      | Reached XP level 5. HP: 8/33 MP: 7/7
   924 | D:4      | Noticed a warg
   924 | D:4      | an ogre changed into a warg
   926 | D:4      | Killed a warg
   926 | D:4      | Reached skill level 1 in Spellcasting
   926 | D:4      | Reached XP level 6. HP: 38/38 MP: 7/9
   942 | D:4      | Found a bloodstained altar of Trog.
  1157 | D:5      | Entered Level 5 of the Dungeon
  1171 | D:5      | Reached skill level 5 in Stealth
  1171 | D:5      | Reached XP level 7. HP: 43/43 MP: 10/10
  1430 | D:5      | Found an oddly glowing altar of Pakellas.
  1533 | D:5      | Found Fuheutt's General Store.
  1540 | D:5      | Found a shimmering altar of Xom.
  1561 | D:5      | Became a worshipper of Xom of Chaos
  1635 | D:5      | XOM: divination: magic mapping
  1667 | D:5      | Found a deep blue altar of Sif Muna.
  1668 | D:5      | Found a snail-covered altar of Cheibriados.
  1738 | D:5      | XOM: harmless Ice miscast
  1791 | D:5      | Noticed st0uf's ghost (novice FoFi)
  1800 | D:5      | XOM: harmless Necr miscast
  1876 | D:6      | XOM: potion effect (heal wounds)
  1912 | D:6      | Noticed Eustachio
  1951 | D:6      | Killed Eustachio
  1951 | D:6      | Reached skill level 6 in Stealth
  1951 | D:6      | Reached XP level 8. HP: 31/48 MP: 11/11
  1995 | D:6      | XOM: harmless Tloc miscast
  1996 | D:6      | XOM: smoke on damage
  2032 | D:6      | XOM: mild Tloc miscast
  2038 | D:6      | HP: 2/48 [orc warrior/battleaxe (17)]
  2263 | D:6      | XOM: 1-stop teleportation journey
  2318 | D:6      | Reached skill level 7 in Stealth
  2318 | D:6      | Reached skill level 5 in Evocations
  2855 | D:6      | Found an opulent altar of Gozag.
  2856 | D:6      | Found a sparkling altar of Nemelex Xobeh.
  2866 | D:6      | XOM: chaos upgrade
  2870 | D:6      | Reached skill level 5 in Dodging
  2902 | D:6      | XOM: give mutations
  2902 | D:6      | Gained mutation: One of your tentacles bears a spike. [Xom's mischief]
  2902 | D:6      | Gained mutation: You are frail (-10% HP). [Xom's mischief]
  2902 | D:6      | Gained mutation: You are occasionally teleported next to monsters. [Xom's mischief]
  2902 | D:6      | Gained mutation: You are dopey. (Int -2) [Xom's mischief]
  3002 | D:7      | Noticed Yawgmoth's ghost (novice GrEE)
  3002 | D:7      | XOM: repel stairs
  3006 | D:7      | XOM: enchant monster (good)
  3031 | D:7      | XOM: enchant monster (bad)
  3032 | D:7      | Reached XP level 9. HP: 21/47 MP: 12/12
  3039 | D:7      | XOM: enchant monster (good)
  3044 | D:7      | XOM: confuse monster(s)
  3047 | D:7      | Killed Yawgmoth's ghost
  3047 | D:7      | Reached skill level 5 in Slings
  3047 | D:7      | Reached skill level 8 in Stealth
  3056 | D:7      | XOM: cast spell 'Dispersal'
  3211 | D:7      | XOM: enchant monster (good)
  3258 | D:7      | XOM: divination: detect creatures
  3291 | D:7      | XOM: summons friendly iron imp
  3320 | D:7      | Slain by a phantom

Vault maps used:
D:1:      dpeg_arrival_ratfight, lexackson_kobold_supper
D:2:      ecumenical_altar_1
D:3:      elyvilon_altar_3, serial_bayou_crossing, uniq_sigmund, uniq_grinder
D:4:      overflow_temple_1_default, first_bread, minmay_rat_hole, uniq_menkaure
D:5:      old_standard_altar, gammafunk_temple_overflow_pools, xom_teletrap_fun,
          serial_shops, nicolae_shop_waterfront
D:6:      grunt_temple_overflow_opulence, uniq_eustachio
D:7:      minmay_temple_entry_enclosed_plants, serial_park_tiny_1,
          nicolae_water_bricks

Action                   |  1- 3 |  4- 6 |  7- 9 || total
-------------------------+-------+-------+-------++-------
Melee: Short sword       |     9 |       |       ||     9
       Dagger            |    48 |    26 |   182 ||   256
Evoke: Wand              |     3 |     8 |    30 ||    41
  Use: Scroll            |     1 |       |     2 ||     3
       Potion            |       |       |     8 ||     8
 Stab: Sleeping          |     8 |     3 |     6 ||    17
       Paralysed         |     1 |     2 |       ||     3
       Confused          |       |       |     3 ||     3
  Eat: Chunk             |       |       |     6 ||     6
       Meat ration       |       |       |     1 ||     1
